 Dungeon Crawl Stone Soup version 0.16-b1 (webtiles) character file.

118 kae the Ruffian (level 4, -4/35 HPs)
             Began as a Draconian Transmuter on Mar 7, 2015.
             Killed from afar by kae's ghost (8 damage)
             ... with a puff of flame
             ... on level 3 of the Dungeon.
             The game lasted 00:05:08 (3703 turns).

kae the Ruffian (Draconian Transmuter)              Turns: 3703, Time: 00:05:08

Health: -4/35      AC:  5    Str: 13    XL:     4   Next: 72%
Magic:  7/7        EV: 12    Int: 13    God:
Gold:   234        SH:  0    Dex: 12    Spells: 1 memorised, 6 levels left

rFire  . . .     SeeInvis .       - Unarmed
rCold  . . .     Clarity  .     (armour unavailable)
rNeg   . . .     SustAb   .     (no shield)
rPois  .         Gourm    +     (helmet restricted)
rElec  .         Spirit   .     (no cloak)
rCorr  .         Warding  .     (no gloves)
rMut   .         Stasis   .     (no boots)
MR     .....                    c - amulet of the gourmand
Stlth  +.........               (no ring)
                                (no ring)

@: very slightly contaminated, not resistant to hostile enchantments, very
unstealthy
A: unfitting armour, cold-blooded, AC +5
a: no special abilities


You were on level 3 of the Dungeon.
You were very hungry.

You visited 1 branch of the dungeon, and saw 3 of its levels.

You collected 234 gold pieces.

Inventory:

Missiles
 b - 12 arrows
Jewellery
 c - an amulet of the gourmand (around neck)
Potions
 j - a potion of mutation {unknown}
 m - a potion of curing
 o - a potion of ambrosia
 p - a potion of lignification
 q - a potion of heal wounds {unknown}
 r - a potion of poison
Books
 d - a book of Changes

   Spells                             Type                      Level
   a - Beastly Appendage              Transmutation                1
   b - Sticks to Snakes               Transmutation                2
   c - Spider Form                    Transmutation/Poison         3
   d - Ice Form                       Ice/Transmutation            4
   e - Blade Hands                    Transmutation                5
Comestibles
 a - 2 bread rations
 f - 4 beef jerkies
 g - 2 meat rations
 l - 11 fruits
 n - a royal jelly


   Skills:
 - Level 1.1 Fighting
 - Level 1.7 Dodging
 * Level 4.9 Unarmed Combat
 - Level 2.0 Spellcasting
 + Level 3.1 Transmutations


You had 6 spell levels left.
You knew the following spells:

 Your Spells              Type           Power        Failure   Level  Hunger
a - Beastly Appendage     Trmt           #.....       10%         1    ##.....


Dungeon Overview and Level Annotations

Branches:
Dungeon (3/15)

Altars:
Elyvilon
Nemelex Xobeh
Vehumet

Annotations:
D:2 Crazy Yiuf
D:3 kae's ghost, average TeFE


Innate Abilities, Weirdness & Mutations

Your plain brown scales are hard (AC +5).
Your body does not fit into most forms of armour.
Your cold-blooded metabolism reacts poorly to cold.


Message History

You feel sick.
You feel sick.
You feel sick.
You feel sick.
You feel sick.
You feel sick.
You feel sick.
You feel sick.
You are feeling very hungry.
You feel sick.
You feel sick.
You are no longer poisoned.
Your extra speed is starting to run out.
You feel yourself slow down.
You see here an uncursed amulet of inaccuracy.
You feel a little less agile now.
Kae's ghost turns its malevolent gaze towards you.
Kae's ghost points at you and mumbles some strange words.
The puff of flame hits you!
You die...

.##.#.#⌠.⌠#.####..#
#.##.########
###.#..._.........###.##.#
#....
#....⌠.⌠..#............#
#.###
#####...#.#.##W####.####
#.# #W#.#....#.###..# #.#
#.#...........#.#######.###
#.##.........###..........#
#.....###...## ##.......#.#
####...#..@## ##.........
##### #.#....#.##
##.#######.. ....#
##.##....."###.## #..
###.#####.....#.###.#.##
###.# #........##.#.# ##..#
#..## #######.#.....#####.#
#.#.# #.#.#(#.......# #.#..
#.#.#.#....##(# #.#.#
#.#.#......##.# #.#.#


You could see kae's ghost.

Vanquished Creatures
  Terence (D:2)
  5 adders
  A giant gecko (D:3)
  An ooze (D:3)
  An orc (D:3)
  2 giant cockroaches (D:1)
  6 goblins
  8 hobgoblins
  A quokka (D:2)
  4 bats
  6 giant newts
  13 jackals
  4 kobolds
  6 rats
59 creatures vanquished.

Notes
Turn   | Place    | Note
--------------------------------------------------------------
     0 | D:1      | kae, the Draconian Transmuter, began the quest for the Orb.
     0 | D:1      | Reached XP level 1. HP: 16/16 MP: 3/3
   403 | D:1      | Reached XP level 2. HP: 15/23 MP: 4/4
  1145 | D:2      | Reached XP level 3. HP: 10/28 MP: 6/6
  1468 | D:2      | Reached skill level 4 in Unarmed Combat
  1484 | D:2      | Noticed Crazy Yiuf
  1543 | D:2      | Noticed Terence
  2065 | D:2      | Killed Terence
  2213 | D:2      | Found a radiant altar of Vehumet.
  2219 | D:2      | Found a white marble altar of Elyvilon.
  2408 | D:3      | Noticed kae's ghost (average TeFE)
  2510 | D:2      | Reached XP level 4. HP: 31/35 MP: 7/7
  3002 | D:3      | Found a sparkling altar of Nemelex Xobeh.
  3703 | D:3      | Killed from afar by kae's ghost

Action                   |  1- 3 |  4- 6 || total
-------------------------+-------+-------++-------
Melee: Unarmed           |   153 |    66 ||   219
 Cast: Beastly Appendage |     9 |     7 ||    16
  Use: Potion            |     2 |     2 ||     4
       Scroll            |       |    10 ||    10
  Eat: Chunk             |     5 |     5 ||    10
